 Dungeon Crawl Stone Soup version 0.31.0-12-g77e489cdc1 (webtiles) character file.

Game seed: 9952478796199595184

163 spaghetti the Charlatan (level 5, -6/39 HPs)
             Began as a Mummy Artificer on Mar 5, 2024.
             Was a Priest of Qazlal.
             Mangled by an iguana (10 damage)
             ... on level 4 of the Dungeon.
             The game lasted 00:04:37 (2740 turns).

spaghetti the Charlatan (Mummy Artificer)           Turns: 2740, Time: 00:04:39

Health: -6/39      AC:  5    Str: 17    XL:     5   Next: 20%
Magic:  6/6        EV: 11    Int: 11    God:    Qazlal [***...]
Gold:   145        SH:  3    Dex: 12    Spells: 4/4 levels left

rFire   . . .        a - +0 club (flame)
rCold   + . .        g - orb {light}
rNeg    + + +        m - +0 ring mail {rF+}
rPois   ∞            (no helmet)
rElec   .            (no cloak)
rCorr   .            (no gloves)
SInv    .            (no boots)
Will    .....        (no amulet)
Stlth   +            (no ring)
HPRegen 0.26/turn    (no ring)
MPRegen 0.10/turn

%: faith
@: glowing
A: cold resistance 1, negative energy resistance 3, torment resistance 2, heat
vulnerability 1, in touch with death 1, no potions, faith
a: Renounce Religion, Upheaval, Elemental Force


You were on level 4 of the Dungeon.
You worshipped Qazlal.
Qazlal was most pleased with you.
You visited 1 branch of the dungeon, and saw 4 of its levels.

You collected 145 gold pieces.

Inventory:

Hand Weapons
 a - a +0 club of flaming (weapon)
Missiles
 n - 2 throwing nets
Armour
 b - a +0 leather armour
 g - an orb of light (worn)
 m - a +0 ring mail of fire resistance (worn)
Jewellery
 h - a +6 ring of intelligence
 j - a ring of see invisible
Wands
 c - a wand of flame (8)
 d - a wand of charming (14)
 e - a wand of iceblast (4)
Scrolls
 f - a scroll of teleportation
 i - a scroll of immolation
 k - 4 scrolls of identify
 l - a scroll of torment
 o - a scroll of fog


   Skills:
 + Level 2.5 Fighting
 * Level 2.4 Armour
 + Level 1.4 Dodging
 - Level 0.7 Stealth
 + Level 0.5 Conjurations
 + Level 0.8 Air Magic
 + Level 0.6 Alchemy
 + Level 1.3 Invocations
 + Level 2.8 Evocations


You had 4 spell levels left.
You didn't know any spells.
Your spell library contained the following spells:

 Spells                   Type           Power      Damage    Failure   Level
 Mephitic Cloud           Conj/Alch/Air  1%         N/A       83%         3
 Dazzling Flash           Conj/Hex       0%         N/A       86%         3
 Curse of Agony           Necr           0%         N/A       100%        5
 Silence                  Hex/Air        0%         N/A       100%        5


Dungeon Overview and Level Annotations

Branches:
Dungeon (4/15)
 Temple: D:4-7

Altars:
Cheibriados
Qazlal

Shops:
D:2 *


Innate Abilities, Weirdness & Mutations

You are immune to poison.
Your flesh is cold resistant. (rC+)
You are immune to negative energy. (rN+++)
You are immune to unholy pain and torment.
You are vulnerable to heat. (rF-)
You are in touch with the powers of death.
You do not drink.
You have a special connection with the divine. (Faith)


Message History

There are monsters nearby!
There are monsters nearby!
There are monsters nearby!
You hit the endoplasm. You burn the endoplasm.
You kill the endoplasm!
Qazlal accepts your kill.
You can now give life to nearby clouds.
You hit the iguana but do no damage.
The iguana bites you but does no damage.
You hit the iguana but do no damage.
The iguana bites you but does no damage.
The iguana misses you.
You hit the iguana. You burn the iguana.
The iguana is lightly wounded.
The iguana bites you!
You hit the iguana but do no damage.
The iguana is lightly wounded.
The iguana bites you.
You hit the iguana. You burn the iguana.
The iguana is heavily wounded.
The iguana misses you.
You hit the iguana. You burn the iguana.
The iguana is severely wounded.
The iguana barely misses you.
The iguana bites you but does no damage.
You hit the iguana. You burn the iguana.
The iguana is almost dead.
The ball python is engulfed in blazing flames.
You kill the ball python!
Qazlal accepts your kill. The iguana misses you.
You hit the iguana but do no damage.
The iguana is almost dead.
The iguana bites you!
You hit the iguana but do no damage.
The iguana is almost dead.
The iguana hisses menacingly.
The iguana bites you!
* * * LOW HITPOINT WARNING * * *
The iguana bites you!
You die...

#...##......##.....
##..................
#.#....#...)...†..#..
#......#..<.......#
.....#.<..##...........
.....#.....##.####.....
.... #.....#..#.#......
.... #....○##..........
... #...l@....#... #.
#.#...°........
................
##.....###.....#.
###.... ....## ##...
.....# ... #...... ...
##..## .##


You could see an iguana.

Vanquished Creatures
  A hound (D:4)
  3 gnolls (D:3)
  3 adders
  A dart slug (D:3)
  3 ribbon worms
  An orc (D:4)
  5 endoplasms
  3 giant cockroaches
  4 goblins
  8 hobgoblins
  5 jackals (D:1)
  11 kobolds
  A quokka (D:2)
  6 ball pythons
  8 bats
  A frilled lizard (D:3)
  2 rats
66 creatures vanquished.

Vanquished Creatures (others)
  A jelly (D:4)
1 creature vanquished.

Grand Total: 67 creatures vanquished

Notes
Turn   | Place    | Note
-------+----------+-------------------------------------------
     0 | D:1      | spaghetti the Mummy Artificer began the quest for the Orb.
     0 | D:1      | Reached XP level 1. HP: 15/15 MP: 1/1
   159 | D:1      | Found a faded altar of an unknown god.
   168 | D:1      | Prayed at the altar of an unknown god.
   168 | D:1      | Became a worshipper of Qazlal Stormbringer
   168 | D:1      | Reached * piety under Qazlal
   198 | D:1      | Reached XP level 2. HP: 18/22 MP: 2/2
   246 | D:1      | Reached skill level 1 in Dodging
   605 | D:1      | Reached ** piety under Qazlal
   606 | D:1      | Reached XP level 3. HP: 20/27 MP: 3/3
   810 | D:1      | You fall into a shaft and drop 1 floor!
  1125 | D:2      | Found Urphugux's Assorted Antiques.
  1180 | D:2      | Reached skill level 1 in Invocations
  1180 | D:2      | Reached XP level 4. HP: 33/33 MP: 4/4
  1527 | D:3      | Found a faded altar of an unknown god.
  1692 | D:3      | Found a stormy altar of Qazlal.
  2446 | D:3      | Found a snail-covered altar of Cheibriados.
  2615 | D:4      | Reached XP level 5. HP: 21/39 MP: 4/6
  2729 | D:4      | Reached *** piety under Qazlal
  2740 | D:4      | Mangled by an iguana

Illustrated notes

Levels and vault maps discovered:
D:1:      minmay_arrival_four_loops, layout_basic,
          hellmonk_ecumenical_altar_crossroads, grunt_decor_arrowhead,
          minmay_tetromino_o2
D:2:      layout_rooms, serial_shops, shop, minivault_11
D:3:      layout_basic, mainiacjoe_overflow_24_doors,
          nicolae_overflow_ecumenical_swirl, amethyst_killhole
D:4:      layout_cave_pools

Skill      XL: |  1  2  3 |
---------------+----------+-----
Dodging        | 1 |  1.4
Fighting       | 2 |  2.5
Armour         | 2 |  2.4
Invocations    | 1 |  1.3
Stealth        | |  0.7
Conjurations   | |  0.5
Air Magic      | |  0.8
Alchemy        | |  0.6
Evocations     | |  2.8

Action                     |  1- 3 |  4- 6 || total
---------------------------+-------+-------++-------
  Melee: Club              |   146 |    91 ||   237
         Punch             |     4 |       ||     4
  Evoke: Wand              |     6 |     3 ||     9
    Use: Scroll            |     7 |     1 ||     8
 Armour: Leather armour    |   111 |     4 ||   115
         Ring mail         |       |    74 ||    74
  Dodge: Dodged            |   127 |    65 ||   192
  Block: Other             |    18 |       ||    18
